 Dungeon Crawl Stone Soup version 0.27-a0-1416-g941b2bd30b (webtiles) character file.

Game seed: 12582739572770273158

293 Brandom the Insei (level 6, -1/42 HPs)
             Began as an Octopode Transmuter on July 1, 2021.
             Was a Believer of Makhleb.
             Slain by an adder (4 damage)
             ... on level 5 of the Dungeon.
             The game lasted 00:07:46 (3563 turns).

Brandom the Insei (Octopode Transmuter)             Turns: 3563, Time: 00:07:47

Health: -1/42      AC:  1    Str:  9    XL:     6   Next: 33%
Magic:  10/10      EV: 13    Int: 18    God:    Makhleb [**....]
Gold:   113        SH:  0    Dex: 12    Spells: 6/10 levels left

rFire    . . .     SeeInvis .     - Unarmed
rCold    . . .     Faith    .   (no shield)
rNeg     . . .     Spirit   .   (helmet currently unavailable)
rPois    .         Reflect  .   (no amulet)
rElec    .         Harm     .   (no ring)
rCorr    .         Rampage  .   (no ring)
Will     .....                  (no ring)
Stlth    ++........             (no ring)
HPRegen  0.14/turn              (no ring)
MPRegen  0.12/turn              (no ring)
                                (no ring)
                                (no ring)

@: lethally poisoned (-1 -> -4), appendages
A: tentacle spike 3, almost no armour, amphibious, 8 rings, camouflage 1,
gelatinous body 1, (nimble swimmer 1), tentacles
a: End Transformation, Renounce Religion, Minor Destruction


You were on level 5 of the Dungeon.
You worshipped Makhleb.
Makhleb was pleased with you.
One of your tentacles had grown a beastly spike.
You visited 1 branch of the dungeon, and saw 5 of its levels.

You collected 113 gold pieces.

Inventory:

Scrolls
 b - a scroll of immolation {unknown}
 c - a scroll of amnesia {unknown}
 g - a scroll of noise {unknown}
Potions
 a - a potion of cancellation {unknown}
 d - a potion of heal wounds {unknown}
 e - a potion of mutation {unknown}
 f - a potion of curing {@q1}


   Skills:
 * Level 3.2 Fighting
 + Level 3.1 Dodging
 + Level 3.7 Unarmed Combat
 + Level 2.7 Spellcasting
 + Level 2.9 Transmutations
 + Level 1.9 Poison Magic
 + Level 1.7 Invocations


You had 6 spell levels left.
You knew the following spells:

 Your Spells              Type           Power      Damage    Failure   Level
a - Beastly Appendage     Tmut           26%        N/A       4%          1
x - Spider Form           Tmut/Pois      5%         N/A       19%         3

Your spell library contained the following spells:

 Spells                   Type           Power      Damage    Failure   Level
 Wereblood                Tmut           13%        N/A       8%          2
 Poisonous Vapours        Pois/Air       10%        N/A       17%         2
 Mephitic Cloud           Conj/Pois/Air  4%         N/A       36%         3
 Gell's Gravitas          Tloc           1%         N/A       45%         3
 Lesser Beckoning         Tloc           1%         N/A       45%         3
 Teleport Other           Tloc           2%         N/A       45%         3
 Ice Form                 Ice/Tmut       7%         N/A       67%         4
 Freezing Cloud           Conj/Ice/Air   1%         6-21      99%         5
 Simulacrum               Ice/Necr       1%         N/A       100%        6
 Polar Vortex             Ice            1%         N/A       100%        9


Dungeon Overview and Level Annotations

Branches:
Dungeon (6/15)
 Temple: D:4-7

Altars:
Makhleb
Sif Muna
Yredelemnul
The Shining One


Innate Abilities, Weirdness & Mutations

One of your tentacles has grown a beastly spike.
You cannot wear most types of armour.
You are amphibious.
You can wear up to eight rings at the same time.
Your skin changes colour to match your surroundings (Stealth+).
Your rubbery body absorbs attacks. (AC +1, EV +1)
((You are camouflaged near water. (Stealth+)))
You have tentacles for arms and can constrict up to eight enemies at once.


Message History

No target in view!
No target in view!
No target in view!
No target in view!
Your transformation is almost over.
Your tentacle spike disappears.
You hear the slow rusting of a very distant drain.
You hear the rusting of a very distant drain.
You hear the rusting of a very distant drain.
An adder comes into view.
One of your tentacles grows a vicious spike.
An iguana comes into view.
Found 15 gold pieces.
The adder hisses angrily.
The helpless iguana fails to defend itself.
You tentacle-slap the iguana. You grab the iguana.
You constrict the iguana, but do no damage.
The iguana bites you!
You tentacle-slap the iguana but do no damage.
You constrict the iguana, but do no damage.
The adder barely misses you. The iguana barely misses you.
You tentacle-slap the iguana.
You pierce the iguana, but do no damage.
You squeeze the iguana.
You constrict the iguana, but do no damage.
The adder misses you. The iguana barely misses you.
You tentacle-slap the iguana but do no damage.
You pierce the iguana, but do no damage.
You constrict the iguana. The adder bites you. The iguana bites you!
* * * LOW HITPOINT WARNING * * *
Unknown command.
You tentacle-slap the iguana but do no damage.
You constrict the iguana.
You kill the iguana!
Makhleb accepts your kill.
You feel better. The adder closely misses you. The adder bites you.
* * * LOW HITPOINT WARNING * * *
You closely miss the adder. Your grab misses the adder.
Your tentacle spike misses the adder.
The adder misses you.
You miss the adder. Your grab misses the adder. The adder bites you.
* * * LOW HITPOINT WARNING * * *
You barely miss the adder. Your grab misses the adder.
Your tentacle spike misses the adder.
The adder bites you.
* * * LOW HITPOINT WARNING * * *
You tentacle-slap the adder but do no damage.
Your grab misses the adder. The adder bites you.
* * * LOW HITPOINT WARNING * * *
You are lethally poisoned!
The adder poisons you! The adder bites you.
You die...

#.............
#.............
#.#...........
##.#...........
#..##..........
#.###..........
####.####.........
###.....#
#.........
#..@S...#
##.......#
#.....†.....#
#########
##...........#
#...........#
#.$.........##
#............#
...........##..
...........# #.


You could see an adder.

Vanquished Creatures
  A black bear (D:5)
  A hound (D:5)
  An iguana (D:5)
  2 orc wizards
  3 adders
  A white imp (D:5)
  An adder zombie (D:3)
  11 orcs
  5 bats
  3 endoplasms
  A giant cockroach (D:2)
  5 goblins
  4 hobgoblins
  2 jackals (D:2)
  6 kobolds
  4 quokkas
  4 ball pythons
  A frilled lizard (D:1)
56 creatures vanquished.

Notes
Turn   | Place    | Note
-------+----------+-------------------------------------------
     0 | D:1      | Brandom the Octopode Transmuter began the quest for the
                  | Orb.
     0 | D:1      | Reached XP level 1. HP: 13/13 MP: 3/3
   271 | D:1      | Reached XP level 2. HP: 17/18 MP: 3/5
   333 | D:1      | Found a faded altar of an unknown god.
   343 | D:1      | Became a worshipper of Makhleb the Destroyer
   343 | D:1      | Reached * piety under Makhleb
   836 | D:2      | Found a shimmering blue altar of Sif Muna.
  1085 | D:2      | Reached XP level 3. HP: 24/24 MP: 6/6
  1442 | D:2      | Learned a level 3 spell: Spider Form
  1932 | D:2      | Reached XP level 4. HP: 7/29 MP: 5/7
  2583 | D:3      | Reached skill level 1 in Invocations
  2848 | D:3      | Reached skill level 1 in Poison Magic
  3122 | D:3      | Found a basalt altar of Yredelemnul.
  3128 | D:3      | Found a glowing golden altar of the Shining One.
  3130 | D:3      | Noticed an angel
  3177 | D:3      | You fall into a shaft and drop 3 floors!
  3181 | D:6      | Noticed a phantom
  3188 | D:5      | Entered Level 5 of the Dungeon
  3213 | D:5      | Reached XP level 5. HP: 23/35 MP: 8/8
  3214 | D:5      | Reached ** piety under Makhleb
  3347 | D:5      | Noticed a black bear
  3357 | D:5      | Killed a black bear
  3358 | D:5      | Reached XP level 6. HP: 34/42 MP: 5/10
  3563 | D:5      | Slain by an adder

Illustrated notes

Levels and vault maps discovered:
D:1:      minmay_arrival_checkered_box, layout_basic,
          ebering_ecumenical_altar_ruins
D:2:      layout_loops_cross, basic_altar, dk_noncrumbling_4
D:3:      layout_rooms, grunt_temple_overflow_holy_war
D:5:      layout_cave_pods, gup_sewer_entry_bowl
D:6:      layout_rooms, chequers_temple_overflow_minitemple

Skill      XL: |  1  2  3  4  5  6 |
---------------+-------------------+-----
Fighting       | 2 3 |  3.2
Invocations    | 1 |  1.7
Poison Magic   | 1 |  1.9
Dodging        | 3 |  3.1
Unarmed Combat | |  3.7
Spellcasting   | |  2.7
Transmutations | |  2.9

Action                   |  1- 3 |  4- 6 || total
-------------------------+-------+-------++-------
Melee: Unarmed           |    68 |    81 ||   149
       Constrict         |    17 |    18 ||    35
       Kick              |     8 |    13 ||    21
       Tentacles         |     8 |    16 ||    24
       Punch             |     2 |       ||     2
 Cast: Beastly Appendage |    11 |     7 ||    18
       Spider Form       |       |     1 ||     1
  Use: Potion            |     1 |       ||     1
 Stab: Sleeping          |     9 |     3 ||    12
Armor: Skin              |     4 |     5 ||     9
Dodge: Dodged            |    36 |    41 ||    77

Table legend: (Time is in decaauts)
 A = Elapsed time spent in this place.
 B = Non-inter-level travel time spent in this place.
 C = Inter-level travel time spent in this place.
 D = Time resting spent in this place.
 E = Time spent auto-exploring this place.
 F = Levels seen in this place.
 G = Mean time per level.
                   A        B        C        D        E       F      G
               +--------+--------+--------+--------+--------+-----+--------+
         Total |   3556 |   3522 |     34 |    665 |   2350 |   5 |  711.2 |
       Dungeon |   3556 |   3522 |     34 |    665 |   2350 |   5 |  711.2 |
               +--------+--------+--------+--------+--------+-----+--------+

Top non-repeatable levels by time:
     D:2: 1465 daAuts
     D:3: 895 daAuts
     D:1: 812 daAuts
     D:5: 372 daAuts
     D:6: 10 daAuts
